 Dungeon Crawl Stone Soup version 0.18.1-48-g4cf74bf (webtiles) character file.

6556 tyranidshit the Fighter (level 10, -3/91 HPs)
             Began as a Demonspawn Abyssal Knight on Sept 8, 2016.
             Was a High Priest of Lugonu.
             Slain by an iguana (4 damage)
             ... on level 8 of the Dungeon.
             The game lasted 00:24:51 (5724 turns).

tyranidshit the Fighter (Demonspawn Abyssal Knight) Turns: 5724, Time: 00:24:52

Health: -3/91      AC: 24    Str: 15    XL:     10   Next: 70%
Magic:  0/3        EV:  6    Int: 14    God:    Lugonu [*****.]
Gold:   220        SH:  0    Dex: 12    Spells: 0 memorised, 9 levels left

rFire  . . .     SeeInvis +     t - +12 spear of Ufinoxit {antimagic, rElec Int-4 SInv}
rCold  . . .     Gourm    +     A - +0 plate armour
rNeg   . . .     Faith    .     (no shield)
rPois  .         Spirit   +     w - +2 hat {Int+3}
rElec  +         Dismiss  .     k - +2 cloak
rCorr  .         Reflect  .     p - +0 pair of gloves
SustAt .         Harm     .     (no boots)
MR     .....                    l - amulet of the gourmand
Stlth  ..........               (no ring)
                                (no ring)

@: lethally poisoned (-3 -> -42), not resistant to hostile enchantments,
extremely unstealthy
A: horns 1, iridescent scales 1, powered by death 1, magic shield, magic
regeneration
a: Depart the Abyss, Bend Space, Banish, Corrupt, Enter the Abyss, Renounce
Religion


You were on level 8 of the Dungeon.
You worshipped Lugonu.
Lugonu was extremely pleased with you.
You were not hungry.

You visited 2 branches of the dungeon, and saw 9 of its levels.
You visited the Abyss 1 time.

You collected 412 gold pieces.
You spent 192 gold pieces at shops.

Inventory:

Hand Weapons
 t - the +12 spear of Ufinoxit (weapon) {antimagic, rElec Int-4 SInv}
   (You bought it in a shop on level 5 of the Dungeon)

   It disrupts the flow of magical energy around spellcasters and certain
   magical creatures (including the wielder).
   It affects your intelligence (-4).
   It insulates you from electricity.
   It lets you see invisible.
 v - a +1 whip of flaming
 y - a +0 broad axe
Armour
 k - a +2 cloak (worn)
 p - a +0 pair of gloves (worn)
 w - a +2 hat of intelligence (worn)
 A - a +0 plate armour (worn)
Jewellery
 l - an amulet of the gourmand (around neck)
 n - an uncursed ring of flight
Wands
 a - a wand of enslavement (8/24)
 q - a wand of acid (0/15)
 r - a wand of lightning (5/15)
 s - a wand of disintegration (8/24)
Scrolls
 j - 7 scrolls of identify
 m - 3 scrolls of magic mapping
 o - 3 scrolls of remove curse
 C - a scroll of teleportation
Potions
 d - 2 potions of agility
 g - 3 potions of flight
 z - 3 potions of magic
 B - 4 potions of brilliance
Comestibles
 c - a bread ration
 f - a royal jelly
 h - a slice of pizza
 u - a beef jerky


   Skills:
 - Level 12.8 Fighting
 - Level 1.7 Axes
 + Level 9.0 Armour
 - Level 3.3 Dodging
 - Level 2.4 Invocations


You had 9 spell levels left.
You didn't know any spells.

Dungeon Overview and Level Annotations

Branches:
Dungeon (8/15)             Temple (0/1) D:4            Lair (1/8) D:8

Altars:
Ashenzari
Elyvilon
Gozag
Makhleb
Nemelex Xobeh
Pakellas
Qazlal
Ru
Sif Muna
Trog
Yredelemnul
Zin

Shops:
D:5 (   D:6 =


Innate Abilities, Weirdness & Mutations

You have a pair of small horns on your head.
You are partially covered in iridescent scales (AC +4).
You regenerate a little health from kills.
When hurt, damage is shared between your health and your magic reserves.
You regenerate magic rapidly.


Message History

You puncture the spiny frog!
The spiny frog is heavily wounded.
You feel sick. The spiny frog stings you. The iguana bites you.
Unknown command.
Your plate armour prevents you from hitting the spiny frog.
The spiny frog is heavily wounded.
You feel sick. The spiny frog stings you.
* * * LOW HITPOINT WARNING * * *
You are more poisoned.
The spiny frog poisons you! The iguana barely misses you.
The spiny frog stings you!
* * * LOW HITPOINT WARNING * * *
You puncture the spiny frog!
The spiny frog is almost dead.
* * * LOW HITPOINT WARNING * * *
You feel sick. The spiny frog stings you!
* * * LOW HITPOINT WARNING * * *
You are more poisoned.
The spiny frog poisons you! The iguana bites you.
You die...

.# #.#.#....## ... .#
#.#.#.##..##### ... .#
#.#.#.........# ... .#
#.#.#.........# ... .###
###.#.#.........# ###
.'.###......[........#
.#..##.#.#.#.........#
.#..............F†...#
.#..##...#.....l@....#
.#.......#.#.........##
.##..#..##.#..........# ########
.###.#..##.#...[......# #.......
.# #.#..##.#..........# #.......
.###....##.#..........# #.......
......................####.......
#####...##.#.###.###.....'.......
##..##.#[#....##.#####.......


You could see a spiny frog and an iguana.

Vanquished Creatures
  Gastronok (D:8)
  Pikel (D:4)
  A spiny frog (D:8)
  A centaur skeleton (D:7)
  A blink frog (D:8)
  A wyvern (D:8)
  The ghost of tyranidshit the Skirmisher, an amateur DsAK of Lugonu (D:4)
  A water moccasin (D:8)
  Duvessa (D:4)
  2 orc warriors
  2 ice beasts
  A sky beast (D:8)
  3 black bears
  A phantom (D:5)
  4 ogres
  3 centaurs
  A big kobold (D:7)
  6 giant frogs
  Blork the orc (D:4)
  A gnoll sergeant (D:6)
  A water moccasin zombie (D:5)
  Dowan (D:4)
  2 howler monkeys
  4 crimson imps
  A giant frog skeleton (D:8)
  A hound (D:5)
  4 orc priests
  Jessica (D:2)
  2 iguanas (D:7)
  7 orc wizards
  5 worker ants
  A hell rat (D:8)
  A hound skeleton (D:5)
  A worker ant zombie (D:8)
  A howler monkey zombie (D:8)
  9 gnolls
  11 adders
  A river rat (D:8)
  2 oozes
  An adder zombie (D:8)
  An adder skeleton (D:6)
  6 worms
  5 giant geckos
  39 orcs
  10 bats
  2 giant cockroaches
  9 goblins
  4 hobgoblins
  15 jackals
  13 kobolds
  6 quokkas
  3 ball pythons
  A giant cockroach zombie (D:5)
  4 giant newts
  9 rats
218 creatures vanquished.

Notes
Turn   | Place    | Note
--------------------------------------------------------------
     0 | Abyss:1  | tyranidshit the Demonspawn Abyssal Knight began the quest for the Orb.
     0 | Abyss:1  | Reached XP level 1. HP: 18/18 MP: 2/2
    70 | Abyss:1  | Noticed an orange demon
    87 | Abyss:1  | Noticed a rakshasa
   103 | Abyss:1  | Noticed a small abomination
   106 | Abyss:1  | Noticed a neqoxec
   107 | D:1      | Escaped the Abyss
   242 | D:1      | Reached * piety under Lugonu
   251 | D:1      | Gained mutation: When hurt, damage is shared between your health and your magic reserves. [demonic ancestry]
   251 | D:1      | Reached XP level 2. HP: 8/24 MP: 3/3
   406 | D:1      | Reached skill level 4 in Fighting
   585 | D:1      | Gained mutation: You regenerate a little health from kills. [demonic ancestry]
   585 | D:1      | Reached XP level 3. HP: 23/31 MP: 2/4
   826 | D:2      | Found a faded altar to an unknown god.
   880 | D:2      | Reached ** piety under Lugonu
   885 | D:2      | Reached skill level 5 in Fighting
   885 | D:2      | Reached XP level 4. HP: 39/39 MP: 2/5
  1127 | D:2      | Noticed Jessica
  1143 | D:2      | Killed Jessica
  1309 | D:3      | Found a stormy altar of Qazlal.
  1410 | D:3      | Gained mutation: You are partially covered in iridescent scales (AC +4). [demonic ancestry]
  1410 | D:3      | Reached XP level 5. HP: 39/46 MP: 6/6
  1600 | D:3      | Reached skill level 6 in Fighting
  1750 | D:3      | Reached *** piety under Lugonu
  1934 | D:4      | Noticed an ogre
  1938 | D:4      | Noticed Dowan
  1941 | D:4      | Noticed Duvessa
  1972 | D:5      | Entered Level 5 of the Dungeon
  2057 | D:5      | Noticed a centaur
  2075 | D:5      | Killed a centaur
  2075 | D:5      | Reached skill level 7 in Fighting
  2075 | D:5      | Reached XP level 6. HP: 48/55 MP: 5/7
  2172 | D:5      | Found Resiakk's Antique Weapon Boutique.
  2335 | D:5      | Reached skill level 8 in Fighting
  2335 | D:5      | Reached XP level 7. HP: 42/62 MP: 3/8
  2406 | D:5      | Bought a pitted spear for 192 gold pieces
  2406 | D:5      | Identified the +12 spear of Ufinoxit {antimagic, rElec Int-4 SInv} (You bought it in a shop on level 5 of the Dungeon)
  2574 | D:5      | Found a deep blue altar of Sif Muna.
  2574 | D:5      | Found a basalt altar of Yredelemnul.
  2606 | D:5      | Reached skill level 9 in Fighting
  2770 | D:6      | Reached **** piety under Lugonu
  2818 | D:6      | Gained mutation: You regenerate magic rapidly. [demonic ancestry]
  2818 | D:6      | Reached XP level 8. HP: 70/72 MP: 1/9
  2906 | D:6      | Reached skill level 10 in Fighting
  3056 | D:6      | Found a bloodstained altar of Trog.
  3149 | D:6      | Reached skill level 11 in Fighting
  3198 | D:6      | Found Vudwiur's Jewellery Shoppe.
  3223 | D:6      | Found a burning altar of Makhleb.
  3530 | D:4      | Noticed tyranidshit's ghost (amateur DsAK)
  3547 | D:4      | Killed tyranidshit's ghost
  3604 | D:4      | Noticed Pikel
  3623 | D:4      | Killed Pikel
  3623 | D:4      | Reached skill level 12 in Fighting
  3623 | D:4      | Gained mutation: You have a pair of small horns on your head. [demonic ancestry]
  3623 | D:4      | Reached XP level 9. HP: 63/83 MP: 2/10
  3689 | D:4      | Found a staircase to the Ecumenical Temple.
  3795 | D:4      | Killed Dowan
  3941 | D:4      | Killed Duvessa
  3992 | D:4      | Reached skill level 1 in Dodging
  4010 | D:4      | Noticed Blork the orc
  4019 | D:4      | Killed Blork the orc
  4311 | D:7      | Found a glowing silver altar of Zin.
  4485 | D:7      | Reached ***** piety under Lugonu
  4603 | D:7      | Found an opulent altar of Gozag.
  4704 | D:7      | Found a white marble altar of Elyvilon.
  4704 | D:7      | Found a bloodstained altar of Trog.
  4704 | D:7      | Found a sparkling altar of Nemelex Xobeh.
  4705 | D:7      | Found a shattered altar of Ashenzari.
  4707 | D:7      | Found a sacrificial altar of Ru.
  4709 | D:7      | Found an oddly glowing altar of Pakellas.
  5053 | D:8      | Noticed a spiny frog
  5067 | D:8      | Reached skill level 5 in Armour
  5071 | D:8      | Killed a spiny frog
  5071 | D:8      | Reached XP level 10. HP: 34/91 MP: 2/11
  5078 | D:8      | Found a staircase to the Lair.
  5580 | D:8      | Noticed Gastronok
  5613 | D:8      | Killed Gastronok
  5651 | Lair:1   | Entered Level 1 of the Lair of Beasts
  5657 | Lair:1   | Noticed a spiny frog
  5724 | D:8      | HP: 1/91 [spiny frog (14)]
  5724 | D:8      | Slain by an iguana

Skill      XL: |  1  2  3  4  5  6  7  8  9 10 |
---------------+-------------------------------+-----
Fighting       | 4 5 7 8 9 12 | 12.8
Dodging        | 3 |  3.3
Armour         | 5 9 |  9.0
Axes           | |  1.7
Invocations    | |  2.4

Action                   |  1- 3 |  4- 6 |  7- 9 | 10-12 || total
-------------------------+-------+-------+-------+-------++-------
Melee: Hand axe          |   110 |   137 |       |       ||   247
       Mace              |       |   172 |    18 |       ||   190
       Spear             |       |       |   319 |   100 ||   419
       Headbutt          |       |       |    27 |    17 ||    44
Invok: Depart the Abyss  |     1 |       |       |       ||     1
Evoke: Wand              |       |     6 |     4 |     5 ||    15
  Use: Scroll            |     3 |     3 |     8 |       ||    14
       Potion            |     1 |     4 |     5 |     2 ||    12
  Eat: Bread ration      |       |     2 |     2 |       ||     4
Armor: Leather armour    |    15 |       |       |       ||    15
       Chain mail        |    52 |   300 |   181 |       ||   533
       Plate armour      |       |       |   113 |   111 ||   224
Dodge: Dodged            |    49 |   121 |   132 |    35 ||   337
